AoeStats
← Ux'RaúlME

Arabia

510603901Analyzed
1v1 RM · 14h ago on Oct 1, 2026· 38m 31s· 2 players
Game mode
Random Map
Map size
Tiny (2 player)
Population
200
Speed
Normal
Resources
Standard
Victory
Conquest
Starting age
Dark Age
Ending age
Imperial Age
RankedLock teamsTeams togetherTeam positionsShared explorationLock speedFull tech treeHidden civsTurbo modeCheats
Victory
Defeat
🇲🇽 Gurjaras · Mexico
1407
+18
🇮🇳 Maya · India
1457
-18
LOLO
0:30 Loom
9:42 Feudal Age
9:55 Man-at-Arms
11:05 Double-Bit Axe
12:54 Arson
15:23 Fletching
22:40 Castle Age
22:02 Gold Mining
21:53 Horse Collar
22:20 Scale Mail Armor
23:23 Bodkin Arrow
22:48 Crossbowman
23:17 Crossbowman
25:30 Eagle Warrior
28:10 Bow Saw
29:41 Wheelbarrow
29:50 Chain Mail Armor
30:11 Forging
29:59 Town Watch
32:02 Iron Casting
33:00 Squires
33:19 Hand Cart
33:21 Pikeman
Ux'RaúlME
6:56 Loom
9:34 Feudal Age
10:00 Double-Bit Axe
20:10 Castle Age
18:33 Fletching
20:35 Scale Barding Armor
20:40 Forging
21:24 Bloodlines
22:13 Bloodlines
22:31 Husbandry
24:29 Bow Saw
26:34 Horse Collar
27:57 Bodkin Arrow
28:49 Chain Barding Armor
31:24 Iron Casting
33:32 Heavy Plow
34:01 Gold Mining
34:02 Stone Mining
37:58 Imperial Age
36:14 Wheelbarrow
36:07 Town Watch
Connection lost

Rejoining the realm…

Still unreachable

The connection could not be restored.

Session expired

The server has moved on; the page needs a fresh start.